PBL
KELOWNA HEAT @ PORTLAND ANGELS
07/24/2048
 
TOP OF THE 1ST
Kelowna Heat batting - Pitching for Portland Angels : RHP Hector Agudelo
Pitching: RHP Hector Agudelo
Batting: RHB Tsugio Yamaguchi 0-0: Ball
1-0: Ball
2-0: DOUBLE (Flyball, 9LD, EV 103.8 MPH)
Batting: LHB Adrian Navarro 0-0: Swinging Strike
0-1: Ball
1-1: Swinging Strike
1-2: Strikes out swinging
Batting: LHB Oscar Tamayo 0-0: Ball
1-0: Swinging Strike
1-1: Swinging Strike
1-2: 2-RUN HOME RUN (Flyball, 9LD, EV 99.4 MPH), Distance : 384 ft
Batting: RHB Armando Ramirez 0-0: Called Strike
0-1: Ball
1-1: Ball
2-1: Reached on error, E4 (Groundball, 4, EV 96.2 MPH)
Batting: RHB Mike Storey 0-0: Ball
1-0: Ball
2-0: Ball
3-0: Called Strike
3-1: Base on Balls
Armando Ramirez to second
Batting: RHB Matt Wallace 0-0: Called Strike
0-1: Foul Ball, location: 2F
0-2: Foul Ball, location: 2F
0-2: SINGLE (Groundball, 6MD, EV 95.0 MPH)
Armando Ramirez to third
Mike Storey to second
Runner from 3rd tries for Home, SAFE, throw by CF to home
Batting: RHB Soichi Kaneshiro 0-0: Called Strike
0-1: Ball
1-1: Ball
2-1: Fly out, F9 (Line Drive, 89M, EV 108.1 MPH)
Batting: RHB Sean Gilbert 0-0: Ball
1-0: Ball
2-0: Ball
3-0: Called Strike
3-1: Foul Ball, location: 2F
3-2: Base on Balls
Mike Storey to third
Matt Wallace to second
Batting: RHB Joe Nelson 0-0: Ball
1-0: Ball
2-0: Ball
3-0: Called Strike
3-1: Foul Ball, location: 2F
3-2: Foul Ball, location: 2F
3-2: Foul Ball, location: 2F
3-2: Foul Ball, location: 2F
3-2: Ground out 6-3 (Groundball, 6, EV 108.1 MPH)
Top of the 1st over - 3 runs, 3 hits, 1 error, 3 left on base; Kelowna 3 - Portland 0
BOTTOM OF THE 1ST
Portland Angels batting - Pitching for Kelowna Heat : RHP Brian Whitley
Pitching: RHP Brian Whitley
Batting: RHB Jose Garduno 0-0: Called Strike
0-1: Swinging Strike
0-2: Fly out, F9 (Flyball, 89S, EV 71.9 MPH)
Batting: RHB Steve Neely 0-0: Ball
1-0: Ball
2-0: Fly out, F8 (Flyball, 89M, EV 80.6 MPH)
Batting: LHB Pavla Markianov 0-0: Foul Ball, location: 2F
0-1: Called Strike
0-2: Foul Ball, location: 2F
0-2: Foul Ball, location: 2F
0-2: Foul Ball, location: 2F
0-2: Ball
1-2: Ball
2-2: Foul Ball, location: 2F
2-2: Foul Ball, location: 2F
2-2: Ball
3-2: Fly out, F8 (Flyball, 8LXD, EV 108.8 MPH)
Bottom of the 1st over - 0 runs, 0 hits, 0 errors, 0 left on base; Kelowna 3 - Portland 0
TOP OF THE 2ND
Kelowna Heat batting - Pitching for Portland Angels : RHP Hector Agudelo
Batting: RHB Tsugio Yamaguchi 0-0: Ball
1-0: Ball
2-0: DOUBLE (Line Drive, 89D, EV 111.2 MPH)
Batting: LHB Adrian Navarro 0-0: Called Strike
0-1: Swinging Strike
0-2: Ball
1-2: Ground out 4-3 (Groundball, 4, EV 86.9 MPH)
Tsugio Yamaguchi to third
Batting: LHB Oscar Tamayo 0-0: Called Strike
0-1: 2-RUN HOME RUN (Flyball, 89XD, EV 105.0 MPH), Distance : 424 ft
Batting: RHB Armando Ramirez 0-0: Called Strike
0-1: Foul Ball, location: 2F
0-2: Ball
1-2: Ball
2-2: Ground out 3-1 (Groundball, 34, EV 91.9 MPH)
Batting: RHB Mike Storey 0-0: Ball
1-0: Called Strike
1-1: Foul Ball, location: 2F
1-2: Strikes out swinging
Top of the 2nd over - 2 runs, 2 hits, 0 errors, 0 left on base; Kelowna 5 - Portland 0
BOTTOM OF THE 2ND
Portland Angels batting - Pitching for Kelowna Heat : RHP Brian Whitley
Batting: RHB Jesse Sargent 0-0: SINGLE (Groundball, 6D, EV 96.2 MPH)
Batting: RHB Alex Rosaly 0-0: Ball
1-0: Ball
2-0: Called Strike
2-1: Swinging Strike
2-2: Strikes out swinging
Batting: LHB Kevin Feldman 0-0: Called Strike
0-1: Ball
1-1: Swinging Strike
1-2: DOUBLE (Flyball, 8LXD, EV 110.0 MPH)
Jesse Sargent to third
Batting: RHB Mario Martinez 0-0: Ball
1-0: Foul Ball, location: 2F
1-1: Foul Ball, location: 2F
1-2: Strikes out swinging
Batting: LHB David Coatney 0-0: Ball
1-0: Ball
2-0: Ball
3-0: Foul Ball, location: 2F
3-1: Swinging Strike
3-2: Base on Balls
Batting: LHB John Harvey 0-0: Ground out 4-3 (Groundball, 4, EV 85.0 MPH)
Bottom of the 2nd over - 0 runs, 2 hits, 0 errors, 3 left on base; Kelowna 5 - Portland 0
TOP OF THE 3RD
Kelowna Heat batting - Pitching for Portland Angels : RHP Hector Agudelo
Batting: RHB Matt Wallace 0-0: Called Strike
0-1: Swinging Strike
0-2: Ball
1-2: Foul Ball, location: 2F
1-2: Ball
2-2: Foul Ball, location: 2F
2-2: Foul Ball, location: 2F
2-2: Foul Ball, location: 2F
2-2: Foul Ball, location: 2F
2-2: Ball
3-2: Base on Balls
Batting: RHB Soichi Kaneshiro 0-0: Ball
1-0: Foul Ball, location: 2F
1-1: Foul Ball, location: 2F
1-2: Strikes out looking
Batting: RHB Sean Gilbert 0-0: Reached on error, E4 (Groundball, 4S, EV 87.5 MPH)
Matt Wallace to second
Batting: RHB Joe Nelson 0-0: Foul Ball, location: 2F
0-1: Grounds into double play, 1-4-3 (Groundball, P, EV 73.8 MPH)
Top of the 3rd over - 0 runs, 0 hits, 1 error, 1 left on base; Kelowna 5 - Portland 0
BOTTOM OF THE 3RD
Portland Angels batting - Pitching for Kelowna Heat : RHP Brian Whitley
Batting: RHB Jose Garduno 0-0: Ball
1-0: Called Strike
1-1: Ground out 1-3 (Groundball, P, EV 69.4 MPH)
Batting: RHB Steve Neely 0-0: Called Strike
0-1: Fly out, F7 (Flyball, 78M, EV 92.5 MPH)
Batting: LHB Pavla Markianov 0-0: Ball
1-0: Foul Ball, location: 2F
1-1: Foul Ball, location: 2F
1-2: Ball
2-2: Foul Ball, location: 2F
2-2: Fly out, F8 (Flyball, 8RM, EV 91.9 MPH)
Bottom of the 3rd over - 0 runs, 0 hits, 0 errors, 0 left on base; Kelowna 5 - Portland 0
TOP OF THE 4TH
Kelowna Heat batting - Pitching for Portland Angels : RHP Hector Agudelo
Batting: RHB Tsugio Yamaguchi 0-0: Ball
1-0: Ground out 4-3 (Groundball, 4S, EV 87.5 MPH)
Pitching: RHP Hector Gonzalez
Batting: LHB Adrian Navarro 0-0: Foul Ball, location: 2F
0-1: Fly out, F8 (Flyball, 8RM, EV 86.2 MPH)
Batting: LHB Oscar Tamayo 0-0: Called Strike
0-1: Ball
1-1: Ball
2-1: Called Strike
2-2: Ball
3-2: Strikes out swinging
Top of the 4th over - 0 runs, 0 hits, 0 errors, 0 left on base; Kelowna 5 - Portland 0
BOTTOM OF THE 4TH
Portland Angels batting - Pitching for Kelowna Heat : RHP Brian Whitley
Batting: RHB Jesse Sargent 0-0: SINGLE (Groundball, 34D, EV 108.1 MPH)
Batting: RHB Alex Rosaly 0-0: Called Strike
0-1: Foul Ball, location: 2F
0-2: Reached on error, E4 (Groundball, 4M, EV 104.4 MPH)
Jesse Sargent to third
Batting: LHB Kevin Feldman 0-0: Ball
1-0: Ground out 5-3 (Groundball, 5, EV 88.8 MPH)
Batting: RHB Mario Martinez 0-0: Called Strike
0-1: Swinging Strike
0-2: Foul Ball, location: 2F
0-2: Strikes out swinging
Batting: LHB David Coatney 0-0: Foul Ball, location: 2F
0-1: Foul Ball, location: 2F
0-2: Foul Ball, location: 2F
0-2: Ball
1-2: Foul Ball, location: 2F
1-2: Strikes out looking
Bottom of the 4th over - 0 runs, 1 hit, 1 error, 2 left on base; Kelowna 5 - Portland 0
TOP OF THE 5TH
Kelowna Heat batting - Pitching for Portland Angels : RHP Hector Gonzalez
Batting: RHB Armando Ramirez 0-0: Ball
1-0: Ball
2-0: Foul Ball, location: 2F
2-1: Ground out U3 (Groundball, 34, EV 81.2 MPH)
Batting: RHB Mike Storey 0-0: Ball
1-0: Swinging Strike
1-1: Swinging Strike
1-2: Foul Ball, location: 2F
1-2: Ball
2-2: Strikes out swinging
Batting: RHB Matt Wallace 0-0: Ball
1-0: Ball
2-0: Called Strike
2-1: Foul Ball, location: 2F
2-2: Strikes out looking
Top of the 5th over - 0 runs, 0 hits, 0 errors, 0 left on base; Kelowna 5 - Portland 0
BOTTOM OF THE 5TH
Portland Angels batting - Pitching for Kelowna Heat : RHP Brian Whitley
Batting: LHB John Harvey 0-0: Ball
1-0: Ball
2-0: Ball
3-0: Called Strike
3-1: SINGLE (Groundball, 34D, EV 109.4 MPH)
Batting: RHB Jose Garduno 0-0: Ball
1-0: SINGLE (Line Drive, 8RS, EV 88.8 MPH)
John Harvey to second
Batting: RHB Steve Neely 0-0: Ball
1-0: Grounds into double play, 6-4-3 (Groundball, 6D, EV 99.4 MPH)
John Harvey to third
Batting: LHB Pavla Markianov 0-0: Foul Ball, location: 2F
0-1: Foul Ball, location: 2F
0-2: Hit by Pitch
Batting: RHB Jesse Sargent 0-0: Ball
1-0: Swinging Strike
1-1: Foul Ball, location: 2F
1-2: Ball
2-2: Ball
3-2: Ground out 4-3 (Groundball, 4M, EV 81.2 MPH)
Bottom of the 5th over - 0 runs, 2 hits, 0 errors, 2 left on base; Kelowna 5 - Portland 0
TOP OF THE 6TH
Kelowna Heat batting - Pitching for Portland Angels : RHP Hector Gonzalez
Batting: RHB Soichi Kaneshiro 0-0: Fly out, F9 (Line Drive, 9S, EV 106.2 MPH)
Batting: RHB Sean Gilbert 0-0: Foul Ball, location: 2F
0-1: Ball
1-1: Called Strike
1-2: Strikes out swinging
Batting: RHB Joe Nelson 0-0: Called Strike
0-1: Ball
1-1: Called Strike
1-2: Fly out, F9 (Flyball, 9, EV 92.5 MPH)
Top of the 6th over - 0 runs, 0 hits, 0 errors, 0 left on base; Kelowna 5 - Portland 0
BOTTOM OF THE 6TH
Portland Angels batting - Pitching for Kelowna Heat : RHP Brian Whitley
Batting: RHB Alex Rosaly 0-0: Ball
1-0: Ball
2-0: Called Strike
2-1: SINGLE (Line Drive, 8RS, EV 106.2 MPH)
Batting: LHB Kevin Feldman 0-0: Ball
1-0: Ball
2-0: Called Strike
2-1: Ball
Alex Rosaly steals 2nd base (no throw)
3-1: Base on Balls
Batting: RHB Mario Martinez 0-0: Ball
1-0: Foul Ball, location: 2F
1-1: Ball
2-1: Swinging Strike
2-2: Ball
3-2: Foul Ball, location: 2F
3-2: Foul Ball, location: 2F
3-2: Foul Ball, location: 2F
3-2: Reached on error, E4 (Groundball, 4, EV 96.9 MPH)
Alex Rosaly to third
Kevin Feldman to second
Pitching: LHP Ricky Coats
Pinch Hitting: SHB Cesar Carrasquillo 0-0: Called Strike
0-1: Ball
1-1: Fly out, F8 (Flyball, 8LD, EV 98.8 MPH)
Runner from 3rd tags up, SCORES, throw by CF
Kevin Feldman to third
Pinch Hitting: RHB Fernando Sosa 0-0: Ball
1-0: Ball
2-0: Called Strike
2-1: Swinging Strike
2-2: Grounds into double play, 5-4-3 (Groundball, 56, EV 83.8 MPH)
Bottom of the 6th over - 1 run, 1 hit, 1 error, 1 left on base; Kelowna 5 - Portland 1
TOP OF THE 7TH
Kelowna Heat batting - Pitching for Portland Angels : RHP Hector Gonzalez
Now at SS: Fernando Sosa
Now in RF: Miguel Hernandez
Batting: RHB Tsugio Yamaguchi 0-0: Foul Ball, location: 2F
0-1: Ground out 6-3 (Groundball, 6S, EV 82.5 MPH)
Batting: LHB Adrian Navarro 0-0: Ball
1-0: SINGLE (Line Drive, 78S, EV 99.4 MPH)
Batting: LHB Oscar Tamayo 0-0: Ball
1-0: Foul Ball, location: 2F
1-1: Ground out 5-3 (Groundball, 56S, EV 65.0 MPH)
Adrian Navarro to second
Batting: RHB Armando Ramirez 0-0: Ball
1-0: Ground out U3 (Groundball, 3L, EV 80.0 MPH)
Top of the 7th over - 0 runs, 1 hit, 0 errors, 1 left on base; Kelowna 5 - Portland 1
BOTTOM OF THE 7TH
Portland Angels batting - Pitching for Kelowna Heat : LHP Ricky Coats
Now at 2B: Glen Limeburner
Now in LF: Matt Wallace
Now in CF: Soichi Kaneshiro
Batting: RHB Jose Garduno 0-0: Swinging Strike
0-1: Ground out 6-3 (Groundball, 6, EV 89.4 MPH)
Batting: RHB Steve Neely 0-0: Ball
1-0: Swinging Strike
1-1: Ball
2-1: DOUBLE (Line Drive, 89D, EV 112.5 MPH)
Batting: LHB Pavla Markianov 0-0: Called Strike
0-1: 2-RUN HOME RUN (Flyball, 78XD, EV 102.5 MPH), Distance : 408 ft
Batting: RHB Jesse Sargent 0-0: Ball
1-0: SINGLE (Groundball, 6MD, EV 108.1 MPH)
Pitching: RHP Josh Henderson
Batting: RHB Alex Rosaly 0-0: Called Strike
0-1: Ball
1-1: Ball
2-1: Fly out, F8 (Line Drive, 78D, EV 99.4 MPH)
Batting: LHB Kevin Feldman 0-0: Ball
1-0: SINGLE (Flyball, 78S, EV 95.0 MPH)
Jesse Sargent to second
Batting: RHB Shawn Jansen 0-0: Ball
1-0: Foul Ball, location: 2F
1-1: Foul Ball, location: 2F
1-2: Ball
2-2: DOUBLE (Line Drive, 78D, EV 112.5 MPH)
Jesse Sargent scores
Kevin Feldman to third
Pinch Hitting: LHB Jon Rahn 0-0: Foul Ball, location: 2F
0-1: Called Strike
0-2: Foul Ball, location: 2F
0-2: Ball
1-2: Fly out, F7 (Flyball, 7LSF, EV 87.5 MPH)
Bottom of the 7th over - 3 runs, 5 hits, 0 errors, 2 left on base; Kelowna 5 - Portland 4
TOP OF THE 8TH
Kelowna Heat batting - Pitching for Portland Angels : RHP Hector Gonzalez
Now in RF: Doug Nebel
Batting: RHB Mike Storey 0-0: Called Strike
0-1: Foul Ball, location: 2F
0-2: Ball
1-2: Ball
2-2: Ball
3-2: Foul Ball, location: 2F
3-2: Foul Ball, location: 2F
3-2: Fly out, F9 (Flyball, 9S, EV 85.6 MPH)
Batting: RHB Matt Wallace 0-0: Ball
1-0: Called Strike
1-1: Called Strike
1-2: Ball
2-2: Ball
3-2: Foul Ball, location: 2F
3-2: Fly out, F7 (Flyball, 7S, EV 86.2 MPH)
Batting: RHB Soichi Kaneshiro 0-0: Ball
1-0: Swinging Strike
1-1: Called Strike
1-2: Ball
2-2: Strikes out swinging
Top of the 8th over - 0 runs, 0 hits, 0 errors, 0 left on base; Kelowna 5 - Portland 4
BOTTOM OF THE 8TH
Portland Angels batting - Pitching for Kelowna Heat : RHP Josh Henderson
Batting: RHB Fernando Sosa 0-0: Ball
1-0: Ball
2-0: Foul Ball, location: 2F
2-1: Ball
3-1: Called Strike
3-2: Foul Ball, location: 2F
3-2: Base on Balls
Batting: RHB Jose Garduno 0-0: Foul Ball, location: 2F
0-1: Ball
1-1: Ball
2-1: SINGLE (Groundball, 4MD, EV 101.9 MPH) (infield hit)
Fernando Sosa to second
Batting: RHB Steve Neely 0-0: Ball
1-0: Sac Bunt to 15S - play at first, batter OUT! 1-4
Fernando Sosa to third
Jose Garduno to second
Batting: LHB Pavla Markianov 0-0: Ball
1-0: Ball
2-0: Ball
3-0: Base on Balls
Batting: RHB Jesse Sargent 0-0: Called Strike
0-1: Foul Ball, location: 2F
0-2: Ball
1-2: Foul Ball, location: 2F
1-2: Ball
2-2: Grounds into fielders choice 5-2 (Groundball, 56S, EV 83.1 MPH)
Jose Garduno to third
Pavla Markianov to second
Batting: RHB Alex Rosaly 0-0: Foul Ball, location: 2F
0-1: GRAND SLAM HOME RUN (Line Drive, 7LD, EV 91.9 MPH), Distance : 352 ft
Batting: LHB Kevin Feldman 0-0: Ball
1-0: Foul Ball, location: 2F
1-1: Foul Ball, location: 2F
1-2: Ball
2-2: Ball
3-2: Strikes out looking
Bottom of the 8th over - 4 runs, 2 hits, 0 errors, 0 left on base; Kelowna 5 - Portland 8
TOP OF THE 9TH
Kelowna Heat batting - Pitching for Portland Angels : RHP Hector Gonzalez
Pitching: LHP Randy Boutilier
Pinch Hitting: RHB Adrian Franz 0-0: Ball
1-0: Ball
2-0: Called Strike
2-1: Ball
3-1: Foul Ball, location: 2F
3-2: Strikes out swinging
Pinch Hitting: LHB Dennis Jones 0-0: Ball
1-0: Ball
2-0: Ground out U3 (Groundball, 3, EV 98.8 MPH)
Batting: RHB Glen Limeburner 0-0: Ball
1-0: Ball
2-0: Swinging Strike
2-1: Foul Ball, location: 2F
2-2: Ball
3-2: Foul Ball, location: 2F
3-2: Foul Ball, location: 2F
3-2: Strikes out swinging
Top of the 9th over - 0 runs, 0 hits, 0 errors, 0 left on base; Kelowna 5 - Portland 8
Tuesday, March 28th , 2023 - OOTP Baseball 23.10 Build 110